 Dungeon Crawl Stone Soup version 0.31-a0-117-g42d8f58691 (webtiles) character file.

Game seed: 15351901132700742838

1351 Hajna the Cleaver (level 8, -12/73 HPs)
             Began as a Hill Orc Monk on May 30, 2023.
             Killed by an exploding hound (28 damage)
             ... ignited by their inner flame
             ... on level 7 of the Dungeon.
             The game lasted 00:45:25 (3591 turns).

Hajna the Cleaver (Hill Orc Monk)                   Turns: 3591, Time: 00:45:26

Health: -12/73     AC:  8    Str: 16    XL:     8   Next: 63%
Magic:  0/8        EV: 13    Int: 10    God:
Gold:   295        SH:  0    Dex: 13    Spells: 3/7 levels left

rFire   . . .        b - +0 war axe
rCold   . . .        d - orb {light}
rNeg    . . .        D - +0 steam dragon scales
rPois   .            (no helmet)
rElec   .            l - +0 cloak
rCorr   .            u - +1 pair of gloves
SInv    .            (no boots)
Will    .....        o - amulet of guardian spirit
Stlth   +            (no ring)
HPRegen 0.32/turn    (no ring)
MPRegen 0.11/turn

%: guardian spirit
@: glowing
A: no striking features
a: no special abilities


You were on level 7 of the Dungeon.
You visited 1 branch of the dungeon, and saw 7 of its levels.

You collected 321 gold pieces.
You spent 26 gold pieces at shops.

Inventory:

Hand Weapons
 a - a +1 hand axe
 b - a +0 war axe (weapon)
 h - a +0 quarterstaff
 v - a +1 mace of draining
 w - a +3 dagger of venom
Missiles
 f - 3 poisoned darts (quivered)
 p - 21 stones
Armour
 d - an orb of light (worn)
 j - a +0 robe of resistance
 l - a +0 cloak (worn)
 u - a +1 pair of gloves (worn)
 D - +0 steam dragon scales (worn)
Magical Staves
 E - a staff of death
Jewellery
 o - an amulet of guardian spirit (around neck)
Wands
 m - a wand of flame (6)
 y - a wand of digging (5)
Scrolls
 g - 2 scrolls of teleportation
 q - 4 scrolls of fog
 t - a scroll of silence {unknown}
 x - a scroll of amnesia {unknown}
 C - a scroll of immolation
Potions
 c - a potion of cancellation
 i - 2 potions of curing
 k - a potion of brilliance {unknown}
 n - a potion of heal wounds
 r - a potion of haste {unknown}
 z - a potion of invisibility {unknown}
 A - a potion of enlightenment {unknown}
 B - 2 potions of mutation {unknown}


   Skills:
 + Level 7.1 Fighting
 + Level 9.7 Axes
 + Level 0.2 Throwing
 + Level 4.9 Dodging
 + Level 1.1 Stealth
 + Level 0.3 Ice Magic
 + Level 0.7 Evocations


You had 3 spell levels left.
You knew the following spells:

 Your Spells              Type           Power      Damage    Failure   Level
a - Blink                 Tloc           0%         N/A       50%         2
b - Ensorcelled Hibernat  Hex/Ice        0%         N/A       47%         2

Your spell library contained the following spells:

 Spells                   Type           Power      Damage    Failure   Level
 Spider Form              Tmut/Pois      0%         N/A       75%         3
 Summon Guardian Golem    Hex/Summ       0%         N/A       75%         3
 Anguish                  Hex/Necr       0%         N/A       98%         4
 Manifold Assault         Tloc           0%         N/A       98%         4
 Olgreb's Toxic Radiance  Pois           0%         N/A       98%         4
 Orb of Destruction       Conj           0%         9d5       100%        7
 Spellforged Servitor     Conj/Summ      0%         N/A       100%        7
 Storm Form               Tmut/Air       0%         N/A       100%        7
 Discord                  Hex            0%         N/A       100%        8
 Ignition                 Fire           0%         3d3       100%        8


Dungeon Overview and Level Annotations

Branches:
Dungeon (7/15)             Temple (0/1) D:6

Altars:
Ashenzari
Makhleb
Qazlal
Ru
Sif Muna

Shops:
D:2 *


Message History

The howler monkey closely misses you.
You slash the howler monkey!
You kill the howler monkey!
Found a rapier.
You see here a +0 rapier.
You see here a +0 robe.
There is a stone staircase leading down here.
There is a stone staircase leading down here.
You climb downwards.
You hear the roar of battle.
There is an entrance to a bailey on this level.
Hurry and find it before the portal closes forever!
The white imp shouts, "Flee, thou spongy earth-vexing yak-dropping!"
The black bear growls angrily.
The iguana hisses angrily.
There is a stone staircase leading up here.
You hit the white imp.
The white imp is heavily wounded.
The white imp barely misses you.
You hit the white imp.
The white imp is almost dead.
You hit the hound. The hound bites you. The white imp closely misses you.
The hound stops to sniff the ground.
The hound bites you but does no damage.
As you read the scroll of immolation, it crumbles to dust.
The creatures around you are filled with an inner flame!
The hound bites you but does no damage. The white imp misses you.
The black bear bites you but does no damage.
The black bear claws you but does no damage.
The black bear barely misses you.
You slash the white imp! You slash the hound!
Flame seeps out of the hound.
You slash the black bear!
Flame seeps out of the black bear.
The white imp explodes!
The fiery explosion engulfs you!
The fiery explosion engulfs the black bear!!!
The black bear explodes!
The fiery explosion engulfs the hound!!
The fiery explosion engulfs you!!!
Ouch! That really hurt!
* * * LOW HITPOINT WARNING * * *
The hound explodes!
The fiery explosion engulfs you!!
You die...

......
......#
.......
....... #
....l .###
... ....
#.##..#
#§@...#
#○○§§....#
.§§§§.#...#
#.#.##.#
..# #... .#
# ...# .. .
#. .# .# #.
..


You could see an iguana (inner flame).

Vanquished Creatures
  2 steam dragons (D:6)
  A water moccasin (D:6)
  2 ice beasts
  A black bear (D:7)
  A bullfrog (D:6)
  2 scorpions (D:5)
  3 howler monkeys
  6 hounds
  A sleepcap (D:5)
  3 iguanas
  2 orc wizards (D:5)
  12 adders
  2 white imps
  An ufetubus (D:6)
  2 dart slugs
  20 orcs
  6 ball pythons
  6 bats
  5 endoplasms
  4 giant cockroaches
  6 goblins
  12 hobgoblins
  4 jackals (D:1)
  4 kobolds
  3 quokkas
  2 frilled lizards (D:1)
  6 rats
119 creatures vanquished.

Notes
Turn   | Place    | Note
-------+----------+-------------------------------------------
     0 | D:1      | Hajna the Hill Orc Monk began the quest for the Orb.
     0 | D:1      | Reached XP level 1. HP: 19/19 MP: 1/1
    69 | D:1      | Reached XP level 2. HP: 21/27 MP: 2/2
   293 | D:1      | Reached XP level 3. HP: 27/33 MP: 3/3
   859 | D:2      | Reached skill level 5 in Axes
   941 | D:2      | Found Ifubb's General Store.
   972 | D:2      | Bought a scroll of identify for 26 gold pieces
  1057 | D:2      | Reached XP level 4. HP: 31/41 MP: 4/4
  1227 | D:3      | Learned a level 2 spell: Blink
  1390 | D:3      | Reached XP level 5. HP: 47/47 MP: 5/5
  1440 | D:3      | Found a broken altar of Ashenzari.
  1483 | D:3      | Found a stormy altar of Qazlal.
  1554 | D:3      | Learned a level 2 spell: Ensorcelled Hibernation
  1567 | D:3      | Reached skill level 6 in Axes
  1648 | D:3      | Found a sacrificial altar of Ru.
  1651 | D:3      | Found a burning altar of Makhleb.
  1653 | D:3      | Found a shimmering blue altar of Sif Muna.
  2061 | D:4      | Reached skill level 5 in Fighting
  2202 | D:4      | Reached XP level 6. HP: 21/56 MP: 4/6
  2204 | D:4      | HP: 1/56 [iguana (10)]
  2368 | D:5      | Entered Level 5 of the Dungeon
  2394 | D:5      | Reached skill level 7 in Axes
  2436 | D:5      | Reached XP level 7. HP: 26/62 MP: 7/7
  2474 | D:5      | Reached skill level 8 in Axes
  2898 | D:6      | Noticed a steam dragon
  2916 | D:6      | Killed a steam dragon
  3004 | D:6      | Reached XP level 8. HP: 43/71 MP: 5/8
  3095 | D:6      | Reached skill level 9 in Axes
  3095 | D:6      | Reached skill level 1 in Stealth
  3125 | D:6      | Found a staircase to the Ecumenical Temple.
  3591 | D:7      | Killed by an exploding hound... ignited by their inner
                  | flame

Illustrated notes

Levels and vault maps discovered:
D:1:      dpeg_arrival_brainrot, layout_basic
D:2:      layout_loops_ring, serial_shops, shop, hangedman_glass_teeth
D:3:      layout_basic, mainiacjoe_overflow_two_lobes, minitemple,
          dreamdust_wishing_well, minmay_randomly_rotated_circles
D:4:      layout_loops_cross, serial_bayou_ford_a
D:5:      layout_rooms, chequers_serial_rivers_micro_b, dk_rats_in_the_wall
D:6:      layout_loops_ring, minmay_temple_entry_statues_pillars,
          chequers_serial_rivers_micro_b, nicolae_concentric_dashed_squares_wild
D:7:      layout_rooms, serial_shops, shop, enter_bailey_3, uniq_maggie,
          uniq_crazy_yiuf_cottage

Skill      XL: |  1  2  3  4  5  6  7  8 |
---------------+-------------------------+-----
Fighting       | 4 5 6 7 |  7.1
Axes           | 5 6 7 8 9 |  9.7
Dodging        | 3 4 |  4.9
Stealth        | 1 |  1.1
Throwing       | |  0.2
Ice Magic      | |  0.3
Evocations     | |  0.7

Action                     |  1- 3 |  4- 6 |  7- 9 || total
---------------------------+-------+-------+-------++-------
  Melee: Hand axe          |   113 |   239 |   134 ||   486
         War axe           |       |       |    18 ||    18
  Throw: Dart              |       |       |     2 ||     2
   Cast: Ensorcelled Hiber |       |     1 |       ||     1
  Evoke: Wand              |       |     1 |     4 ||     5
    Use: Scroll            |     2 |     5 |     2 ||     9
         Potion            |       |     5 |       ||     5
   Stab: Sleeping          |       |     1 |       ||     1
 Armour: Robe              |    13 |    63 |     7 ||    83
         Ring mail         |    11 |       |       ||    11
         Steam dragon scal |       |       |    31 ||    31
  Dodge: Dodged            |    74 |   176 |    91 ||   341

Table legend: (Time is in decaauts)
 A = Elapsed time spent in this place.
 B = Non-inter-level travel time spent in this place.
 C = Inter-level travel time spent in this place.
 D = Time resting spent in this place.
 E = Time spent auto-exploring this place.
 F = Levels seen in this place.
 G = Mean time per level.
                   A        B        C        D        E       F      G
               +--------+--------+--------+--------+--------+-----+--------+
         Total |   3590 |   1043 |   2547 |      0 |      3 |   7 |  512.9 |
       Dungeon |   3590 |   1043 |   2547 |      0 |      3 |   7 |  512.9 |
               +--------+--------+--------+--------+--------+-----+--------+

Top non-repeatable levels by time:
     D:2: 706 daAuts
     D:6: 693 daAuts
     D:3: 635 daAuts
     D:4: 546 daAuts
     D:5: 506 daAuts
     D:1: 499 daAuts
     D:7: 3 daAuts
